 Dungeon Crawl Stone Soup version 0.25.1-2-g60ff931df9 (webtiles) character file.

Game seed: 3581164404052376939

137 Impeuri the Sneak (level 5, -2/27 HPs)
             Began as a Vine Stalker Assassin on Aug 21, 2020.
             Slain by a goblin
             ... wielding a +0 club
             ... led by Robin
              (6 damage)
             ... on level 3 of the Dungeon.
             The game lasted 00:03:48 (2118 turns).

Impeuri the Sneak (Vine Stalker Assassin)           Turns: 2118, Time: 00:03:50

Health: -2/27      AC:  3    Str: 13    XL:     5   Next: 20%
Magic:  0/6        EV: 12    Int: 11    God:
Gold:   108        SH:  0    Dex: 17    Spells: 4/4 levels left

rFire    . . .     SeeInvis .   a - +3 dagger
rCold    . . .     Gourm    .   (no shield)
rNeg     . . .     Faith    .   b - +0 robe
rPois    .         Spirit   +   (no helmet)
rElec    .         Reflect  .   c - +0 cloak
rCorr    .         Harm     .   (no gloves)
MR       .....                  (no boots)
Stlth    ++........             (no amulet)
HPRegen  0.49/turn              l - ring of attention (curse)
MPRegen  0.10/turn              (no ring)

@: very slightly contaminated, hasted, very quick
A: fangs 2, regeneration 1, magic shield, antimagic bite, no potion heal 3, rot
immunity
a: no special abilities


You were on level 3 of the Dungeon.
You were not hungry.

You visited 1 branch of the dungeon, and saw 3 of its levels.

You collected 108 gold pieces.

Inventory:

Hand Weapons
 a - a +3 dagger (weapon)
Missiles
 d - a poisoned dart (quivered)
 e - 2 curare-tipped darts
Armour
 b - a +0 robe (worn)
 c - a +0 cloak (worn)
Jewellery
 l - a cursed ring of attention (left hand)
Scrolls
 g - 2 scrolls of enchant weapon
 j - 2 scrolls of teleportation
 m - a scroll of fog
Potions
 h - a potion of haste
 n - a potion of curing {unknown}
 o - a potion of invisibility {unknown}
Comestibles
 f - 3 rations
 p - 3 chunks of flesh


   Skills:
 + Level 2.5 Fighting
 * Level 3.0 Short Blades
 + Level 2.5 Throwing
 + Level 1.5 Dodging
 + Level 5.5 Stealth


You had 4 spell levels left.
You didn't know any spells.
Your spell library was empty.

Dungeon Overview and Level Annotations

Branches:
Dungeon (3/15)

Altars:
Nemelex Xobeh
Wu Jian

Annotations:
D:3 Robin


Innate Abilities, Weirdness & Mutations

You have extremely sharp teeth.
Your natural rate of healing is unusually fast.
When hurt, damage is shared between your health and your magic reserves.
Your bite disrupts and absorbs the magic of your enemies.
Potions cannot restore your health.
You are immune to rotting.


Message History

The stone hits you.
* * * LOW HITPOINT WARNING * * *
Throwing (i - inventory. (/) - cycle)
d - 3 poisoned darts (quivered)
Press: ? - help, Shift-Dir - straight line, f/p - Robin
Aim: Robin, wielding a +0 trident, wearing a +0 animal skin and wearing a +0 helmet You throw a poisoned dart.
The poisoned dart barely misses Robin.
The hobgoblin throws a datura-tipped dart.
The datura-tipped dart barely misses you.
The datura-tipped dart hits the goblin.
The goblin hits you with a +0 club.
* * * LOW HITPOINT WARNING * * *
Throwing (i - inventory. (/) - cycle)
d - 2 poisoned darts (quivered)
Press: ? - help, Shift-Dir - straight line, f/p - Robin
Aim: Robin, wielding a +0 trident, wearing a +0 animal skin and wearing a +0 helmet You throw a poisoned dart.
The poisoned dart closely misses Robin.
A goblin comes into view. It is wielding a +0 club.
Robin hits you from afar with a +0 trident.
* * * LOW HITPOINT WARNING * * *
The goblin shoots a stone.
The stone closely misses you. The goblin hits you with a +0 club!
You die...

#. #(w#.g. #.
#...g #.##(g#
#.....# #.....#
#.....####.###
#.............
#....gg########..
#....w(g@g......#
#.....g##########
#...%..# #(.....#
#......# ########


You could see a worm, Robin, a hobgoblin (strong) and 3 goblins.

Vanquished Creatures
  Jessica (D:2)
  4 adders
  2 oozes
  A worm (D:2)
  2 dart slugs
  A leopard gecko (D:1)
  An orc (D:3)
  6 bats
  10 goblins
  6 hobgoblins
  6 jackals
  2 quokkas
  6 frilled lizards
  6 kobolds
  4 rats
58 creatures vanquished.

Notes
Turn   | Place    | Note
-------+----------+-------------------------------------------
     0 | D:1      | Impeuri the Vine Stalker Assassin began the quest for the
                  | Orb.
     0 | D:1      | Reached XP level 1. HP: 11/11 MP: 2/2
    46 | D:1      | Reached skill level 1 in Dodging
    46 | D:1      | Reached XP level 2. HP: 7/15 MP: 3/3
   243 | D:1      | Reached skill level 5 in Stealth
   751 | D:1      | Reached XP level 3. HP: 18/18 MP: 4/4
  1153 | D:2      | Noticed Jessica
  1155 | D:2      | Killed Jessica
  1155 | D:2      | Gained mutation: Your natural rate of healing is unusually
                  | fast. [Vine Stalker growth]
  1155 | D:2      | Reached XP level 4. HP: 23/23 MP: 5/5
  1374 | D:2      | Found a faded altar of an unknown god.
  1645 | D:2      | Found a sparkling altar of Nemelex Xobeh.
  1801 | D:2      | Found an ornate altar of the Wu Jian Council.
  1872 | D:2      | Reached XP level 5. HP: 26/27 MP: 4/6
  2092 | D:3      | Noticed Robin
  2118 | D:3      | Slain by a goblin

Illustrated notes

Levels and vault maps discovered:
D:1:      eino_arrival_tree_alley, layout_loops_ring,
          minmay_misc_feat_four_crosses, chequers_serial_rivers_micro_b
D:2:      layout_loops_ring, nicolae_overflow_hidden_temple, marbit_many_paths,
          chequers_ecumenical_altar_simple_redux, uniq_jessica
D:3:      layout_rooms, old_standard_altar, old_standard_altar, first_ration,
          minmay_misc_feat_diagonals, kennysheep_generic_room_10, uniq_natasha,
          uniq_robin

Skill      XL: |  1  2  3  4 |
---------------+-------------+-----
Short Blades   | 2 3 |  3.0
Dodging        | 1 |  1.5
Stealth        | 5 |  5.5
Fighting       | 2 |  2.5
Throwing       | 2 |  2.5

Action                   |  1- 3 |  4- 6 || total
-------------------------+-------+-------++-------
Melee: Dagger            |    88 |    91 ||   179
       Bite              |    25 |    26 ||    51
Throw: Dart              |       |    10 ||    10
  Use: Scroll            |       |     5 ||     5
       Potion            |       |     1 ||     1
 Stab: Sleeping          |     3 |     8 ||    11
  Eat: Chunk             |     1 |     3 ||     4
Armor: Robe              |    15 |    19 ||    34
Dodge: Dodged            |    52 |    71 ||   123
